 Dungeon Crawl Stone Soup version 0.30.1-9-gdf580d7c3d (webtiles) character file.

Game seed: 14682831739508714630

212 lonewolfV2 the Magician (level 5, -1/36 HPs)
             Began as a Demonspawn Wanderer on Oct 24, 2023.
             Killed from afar by Natasha (7 damage)
             ... with a magic dart
             ... on level 3 of the Dungeon.
             The game lasted 00:06:58 (2259 turns).

lonewolfV2 the Magician (Demonspawn Wanderer)       Turns: 2259, Time: 00:06:59

Health: -1/36      AC:  2    Str: 14    XL:     5   Next: 58%
Magic:  9/12       EV: 16    Int: 17    God:
Gold:   118        SH:  0    Dex:  9    Spells: 13/14 levels left

rFire   . . .        m - +0 hand axe
rCold   . . .        (no shield)
rNeg    . . .        c - +0 robe
rPois   .            (no helmet)
rElec   .            (no cloak)
rCorr   .            (no gloves)
SInv    .            (no boots)
Will    .....        (no amulet)
Stlth   +            (no ring)
HPRegen 0.26/turn    (no ring)
MPRegen 0.13/turn

%: no passive effects
@: agile, slowed, very slow
A: hooves 1, powered by pain 1, weakness stinger 1
a: no special abilities


You were on level 3 of the Dungeon.
You visited 1 branch of the dungeon, and saw 3 of its levels.

You collected 118 gold pieces.

Inventory:

Hand Weapons
 a - a +0 club
 m - a +0 hand axe (weapon)
Armour
 c - a +0 robe (worn)
Jewellery
 l - an amulet of guardian spirit
Wands
 d - a wand of flame (3)
 f - a wand of roots (4)
Scrolls
 g - a scroll of magic mapping
 k - a scroll of teleportation
 n - 2 scrolls of noise {unknown}
Potions
 b - a potion of mutation {unknown}


   Skills:
 + Level 0.9 Fighting
 + Level 5.0 Spellcasting
 - Level 1.0 Air Magic
 - Level 4.5 Earth Magic
 - Level 3.0 Evocations


You had 13 spell levels left.
You knew the following spells:

 Your Spells              Type           Power      Damage    Failure   Level
a - Sandblast             Erth           38%        2d10      2%          1

Your spell library contained the following spells:

 Spells                   Type           Power      Damage    Failure   Level
 Poisonous Vapours        Pois/Air       10%        N/A       17%         2
 Static Discharge         Conj/Air       10%        2-3/arc   17%         2
 Portal Projectile        Hex/Tloc       8%         N/A       38%         3
 Tukima's Dance           Hex            4%         N/A       38%         3
 Animate Armour           Summ/Erth      22%        N/A       50%         4
 Petrify                  Tmut/Erth      11%        N/A       50%         4
 Blade Hands              Tmut           2%         N/A       98%         5


Dungeon Overview and Level Annotations

Branches:
Dungeon (3/15)

Altars:

Shops:
D:3 !

Annotations:
D:3 2 transporters, Natasha; Rizzler's ghost, amateur DsEE


Innate Abilities, Weirdness & Mutations

You have large cloven feet.
You sometimes gain a little power by taking damage.
You have a small tail.


Message History

Natasha zaps a wand.
The puff of flame hits you!
You see here a frilled lizard skeleton.
Casting: Sandblast (safe; 2% risk of failure)
Confirm with . or Enter, or press ? or * to list all spells.
Aiming: Sandblast (safe; 2% risk of failure)
Press: ? - help, Shift-Dir - straight line, f - Natasha
Aim: Natasha, carrying a wand of flame (11) (77% to hit)
The blast of sand misses Natasha.
Natasha casts a spell at you.
You feel as though you will be slow longer.
Natasha zaps a wand.
The puff of flame hits you!
Casting: Sandblast (safe; 2% risk of failure)
Confirm with . or Enter, or press ? or * to list all spells.
Aiming: Sandblast (safe; 2% risk of failure)
Press: ? - help, Shift-Dir - straight line, f/p - Natasha
Aim: Natasha, carrying a wand of flame (10) (77% to hit)
The blast of sand hits Natasha!
Natasha is severely wounded.
Natasha drinks a potion.
Natasha is healed!
Natasha zaps a wand.
The puff of flame hits you!
Casting: Sandblast (safe; 2% risk of failure)
Confirm with . or Enter, or press ? or * to list all spells.
Aiming: Sandblast (safe; 2% risk of failure)
Press: ? - help, Shift-Dir - straight line, f/p - Natasha
Aim: Natasha, carrying a wand of flame (9) (moderately wounded, 77% to hit)
The blast of sand hits Natasha!
Natasha is almost dead.
Natasha zaps a wand.
The puff of flame hits you!
* * * LOW HITPOINT WARNING * * *
You focus on the pain.
You feel agile all of a sudden.
Casting: Sandblast (safe; 2% risk of failure)
Confirm with . or Enter, or press ? or * to list all spells.
Aiming: Sandblast (safe; 2% risk of failure)
Press: ? - help, Shift-Dir - straight line, f/p - Natasha
Aim: Natasha, carrying a wand of flame (8) (almost dead, 77% to hit)
The blast of sand misses Natasha.
Natasha casts a spell at you. The magic dart hits you!
You die...

#.#....# #...##...####
#.##.5... ...#...###..
#..##5### #####..># #.#
##..###©####......##...#
##.............#....#
#####.#..)......####
####.....)..#### ####
##....###))).# ##...
#.).÷@h....#)#####..##
.......#.)....##.........#
......##......####.#####..
.....# #.......###.# ###
....# #.....#)#...# ....
#.....#...### .8.
#######..## ⌠. #..## #...#


You could see Natasha.

Vanquished Creatures
  An orc priest (D:3)
  Natasha (D:3)
  2 orc wizards (D:3)
  4 adders
  2 worms (D:3)
  2 dart slugs
  6 orcs (D:3)
  4 endoplasms
  A giant cockroach (D:2)
  6 goblins
  5 hobgoblins
  3 jackals (D:2)
  8 kobolds
  2 quokkas
  5 ball pythons
  4 bats
  4 frilled lizards
60 creatures vanquished.

Notes
Turn   | Place    | Note
-------+----------+-------------------------------------------
     0 | D:1      | lonewolfV2 the Demonspawn Wanderer began the quest for the
                  | Orb.
     0 | D:1      | lonewolfV2 set off with the following items: a +0 club, a
                  | potion of heal wounds, a +0 robe, a wand of flame (3); and
                  | the following spell memorised: Sandblast; and the following
                  | spells available to memorise: Poisonous Vapours, Static
                  | Discharge, Animate Armour, Petrify.
     0 | D:1      | Reached XP level 1. HP: 13/13 MP: 2/2
   183 | D:1      | Found a faded altar of an unknown god.
   285 | D:1      | Reached skill level 2 in Spellcasting
   285 | D:1      | Discovered your monstrous ancestry.
   285 | D:1      | Gained mutation: You have large cloven feet. [demonic
                  | ancestry]
   285 | D:1      | Reached XP level 2. HP: 19/19 MP: 3/5
   775 | D:2      | Gained mutation: You have a small tail. [demonic ancestry]
   775 | D:2      | Reached XP level 3. HP: 21/24 MP: 2/7
  1060 | D:2      | Reached skill level 3 in Spellcasting
  1606 | D:3      | Gained mutation: You sometimes gain a little power by
                  | taking damage. [demonic ancestry]
  1606 | D:3      | Reached XP level 4. HP: 26/30 MP: 3/9
  1675 | D:3      | Found Cidghy Ymuis's Distillery.
  1707 | D:3      | Reached skill level 4 in Spellcasting
  1842 | D:3      | Reached XP level 5. HP: 11/35 MP: 5/11
  1869 | D:3      | Noticed Rizzler's ghost (amateur DsEE)
  2035 | D:3      | Found a transporter.
  2119 | D:3      | Noticed Natasha
  2125 | D:3      | Killed Natasha
  2126 | D:3      | Reached skill level 5 in Spellcasting
  2222 | D:3      | Found a transporter.
  2253 | D:3      | Noticed Natasha
  2259 | D:3      | Killed from afar by Natasha

Illustrated notes

Levels and vault maps discovered:
D:1:      amcnicky_arrival_choice, layout_basic,
          shapermc_ecumenical_altar_pompeii
D:2:      layout_basic
D:3:      layout_rooms, gammafunk_ghost_stat_death, serial_shops,
          nicolae_shop_temple_entry_statues_fountains,
          nicolae_shop_rolling_square, uniq_natasha

Skill      XL: |  1  2  3  4  5 |
---------------+----------------+-----
Spellcasting   | 2 3 4 5 |  5.0
Fighting       | |  0.9
Air Magic      | |  1.0
Earth Magic    | |  4.5
Evocations     | |  3.0

Action                     |  1- 3 |  4- 6 || total
---------------------------+-------+-------++-------
  Melee: Club              |     2 |       ||     2
         Kick              |     1 |     2 ||     3
         Hand axe          |       |    30 ||    30
         Tailslap          |       |     3 ||     3
   Cast: Sandblast         |    51 |    33 ||    84
    Use: Scroll            |     3 |       ||     3
         Potion            |       |     5 ||     5
 Armour: Robe              |     3 |     4 ||     7
  Dodge: Dodged            |    30 |    23 ||    53
